 Dungeon Crawl Stone Soup version 0.30.1-11-g7821555f0a (webtiles) character file.

Game seed: 14388249248939212317

4291 kapitanyg the Severer (level 10, -2/115 HPs)
             Began as a Minotaur Berserker on Nov 2, 2023.
             Was a Priest of Trog.
             Succumbed to a scorpion's poison
             ... on level 8 of the Dungeon.
             The game lasted 00:10:16 (8297 turns).

kapitanyg the Severer (Minotaur Berserker)          Turns: 8297, Time: 00:10:16

Health: -2/115     AC: 25    Str: 21    XL:     10   Next: 11%
Magic:  9/9        EV:  2    Int:  4    God:    Trog [***...]
Gold:   352        SH:  0    Dex: 27    Spells: 9/9 levels left

rFire   . . .        g - +2 war axe (vamp)
rCold   . . .        (no shield)
rNeg    . . .        e - melded +0 plate armour
rPois   +            (helmet currently unavailable)
rElec   .            (cloak currently unavailable)
rCorr   .            i - melded +0 pair of gloves
SInv    .            (boots currently unavailable)
Will    .....        (no amulet)
Stlth   +++          l - +6 ring of dexterity
HPRegen 0.39/turn    n - ring "Fomma" {Dex+6 Stlth+}
MPRegen 0.11/turn

%: no passive effects
@: lethally poisoned (-2 -> -18), tree-form, on berserk cooldown, slowed,
studying Fighting, very slow
A: stationary, stasis, torment immunity, boosted hp, (horns 2), (retaliatory
headbutt)
a: Renounce Religion, Berserk, Trog's Hand


You were on level 8 of the Dungeon.
You worshipped Trog.
Trog was most pleased with you.
You were a tree.
You visited 1 branch of the dungeon, and saw 8 of its levels.

You collected 352 gold pieces.

Inventory:

Hand Weapons
 a - a +1 hand axe
 g - a +2 vampiric war axe (weapon)
Missiles
 x - a throwing net (quivered)
Armour
 e - a +0 plate armour (melded)
 i - a +0 pair of gloves (melded)
Jewellery
 j - a ring of protection from fire
 k - a ring of fire
 l - a +6 ring of dexterity (left branch)
 n - the ring "Fomma" (right branch) {Dex+6 Stlth+}
   (You found it on level 4 of the Dungeon)

   [ring of dexterity]

   Dex:       It affects your dexterity (+6).
   Stlth:     It makes you more stealthy.
 u - a ring of see invisible
 y - a ring of ice
Scrolls
 c - 2 scrolls of torment
 m - 7 scrolls of identify
 r - a scroll of magic mapping
 s - a scroll of fog
 z - a scroll of enchant weapon
Potions
 b - 2 potions of invisibility {unknown}
 h - 2 potions of curing
 o - a potion of mutation {unknown}
 p - a potion of might {unknown}
 t - a potion of haste {unknown}
 v - 2 potions of degeneration {unknown}
 w - a potion of ambrosia {unknown}


   Skills:
 - Level 3.6 Fighting
 + Level 17.3 Axes
 - Level 2.4 Armour
 - Level 2.1 Dodging


You had 9 spell levels left.
You didn't know any spells.
Your spell library was empty.

Dungeon Overview and Level Annotations

Branches:
Dungeon (8/15)             Temple (0/1) D:6
   Lair: D:8-11

Altars:
Makhleb
Nemelex Xobeh

Shops:
D:2 ?

Annotations:
D:3 1 transporter, Tali's ghost, amateur DsCK
D:4 1 transporter
D:8 Amaemon


Innate Abilities, Weirdness & Mutations

You are a tree.
Your roots penetrate the ground, keeping you stationary.
You cannot be teleported.
You are immune to unholy pain and torment.
Your maximum health is greatly increased.
Your equipment is partially melded.
((You have a pair of horns on your head.))
((You reflexively headbutt those who attack you in melee.))


Message History

Amaemon gestures at the orange demon while chanting.
The orange demon seems to grow toxic.
An orc comes into view. It is wielding a +0 flail.
The scorpion stings you.
You completely miss Amaemon.
Amaemon is moderately wounded.
You slash the scorpion! You completely miss the scorpion.
You feel very sick. The scorpion stings you.
The orange demon stings you but does no damage.
Amaemon casts a spell.
The scorpion stings you.
* * * LOW HITPOINT WARNING * * *
You are lethally poisoned!
The scorpion poisons you! The scorpion completely misses you.
Okay, then.
Okay, then.
Unknown command.
Really quaff the potion of lignification?
You turn into a tree.
Your +0 pair of gloves melds into your body.
Your +0 plate armour melds into your body.
Your roots penetrate the ground.
You feel extremely sick. The orange demon stings you from afar!
* * * LOW HITPOINT WARNING * * *
Amaemon hits you but does no damage. Amaemon claws you.
* * * LOW HITPOINT WARNING * * *
Amaemon tail-slaps you but does no damage.
The scorpion stings you but does no damage.
The scorpion stings you.
* * * LOW HITPOINT WARNING * * *
Amaemon barely misses you. Amaemon claws you but does no damage.
Amaemon tail-slaps you but does no damage.
The orange demon completely misses you. The scorpion barely misses you.
Okay, then.
Okay, then.
As you read the scroll of fog, it crumbles to dust.
The scroll dissolves into smoke.
You die...

.#.# #
.#.### .#
....##.##
...#.....
#o...#.##
#Fs......
#s4ss..##
#6sss....
#♣###..(#
#s# ..#
#§# # #.#
#.# #<#
###


You could see Amaemon, an orange demon (curare) and 5 scorpions.

Vanquished Creatures
  Pikel (D:8)
  Joseph (D:7)
  5 yaks (D:6)
  A water moccasin (D:7)
  An orc warrior (D:7)
  2 ice beasts
  A sky beast (D:6)
  A black bear (D:4)
  2 ogres (D:6)
  3 centaurs
  2 phantoms
  2 lemures (D:8)
  A kobold brigand (D:4)
  A bullfrog (D:6)
  4 scorpions
  14 killer bees (D:7)
  2 howler monkeys
  2 gnoll boudas
  4 hounds
  Crazy Yiuf (D:5)
  An orc priest (D:4)
  A jelly (D:6)
  3 iguanas (D:5)
  An orc wizard (D:4)
  7 gnolls
  7 adders
  A shadow imp (D:6)
  3 white imps
  3 ufetubi (D:6)
  2 worms
  2 dart slugs (D:5)
  7 orcs
  5 ball pythons
  5 bats
  8 endoplasms
  2 giant cockroaches
  5 goblins
  3 hobgoblins
  3 quokkas
  9 frilled lizards
  8 kobolds
  2 rats
139 creatures vanquished.

Notes
Turn   | Place    | Note
-------+----------+-------------------------------------------
     0 | D:1      | kapitanyg the Minotaur Berserker began the quest for the
                  | Orb.
     0 | D:1      | Reached XP level 1. HP: 19/19 MP: 0/0
   127 | D:1      | Reached skill level 4 in Axes
   211 | D:1      | Reached XP level 2. HP: 26/26 MP: 1/1
   911 | D:2      | Reached skill level 5 in Axes
   911 | D:2      | Reached XP level 3. HP: 29/31 MP: 2/2
  1187 | D:2      | Found Ivoyge's Magic Scroll Boutique.
  1205 | D:2      | Reached ** piety under Trog
  1892 | D:3      | Found a transporter.
  1893 | D:3      | Noticed Tali's ghost (amateur DsCK)
  1893 | D:3      | Identified the +8 giant club of Change {heavy, Stlth+}
  1893 | D:3      | Noticed an ogre
  1893 | D:3      | Noticed an ogre
  1896 | D:3      | Noticed an ogre
  1913 | D:3      | Reached skill level 6 in Axes
  1913 | D:3      | Reached XP level 4. HP: 39/39 MP: 3/3
  2658 | D:4      | Identified the ring "Fomma" {Dex+6 Stlth+}
  2696 | D:4      | Reached skill level 7 in Axes
  2696 | D:4      | Reached XP level 5. HP: 31/45 MP: 4/4
  2744 | D:4      | Noticed a phantom
  2764 | D:4      | Killed a phantom
  2765 | D:4      | Reached skill level 8 in Axes
  2832 | D:4      | Reached XP level 6. HP: 51/51 MP: 5/5
  2940 | D:4      | Reached skill level 9 in Axes
  3050 | D:4      | Reached *** piety under Trog
  3176 | D:4      | Found a sparkling altar of Nemelex Xobeh.
  3176 | D:4      | Found a transporter.
  3177 | D:4      | Noticed a water moccasin
  3178 | D:4      | Noticed a wyvern
  3468 | D:5      | Entered Level 5 of the Dungeon
  3473 | D:5      | Reached XP level 7. HP: 57/57 MP: 6/6
  3707 | D:5      | Reached skill level 10 in Axes
  4116 | D:5      | Reached skill level 11 in Axes
  4172 | D:5      | Found a runed translucent door.
  4173 | D:5      | Noticed Crazy Yiuf
  4330 | D:5      | Killed Crazy Yiuf
  4765 | D:6      | Found a staircase to the Ecumenical Temple.
  4786 | D:6      | Reached XP level 8. HP: 63/64 MP: 7/7
  5073 | D:6      | Reached skill level 12 in Axes
  5081 | D:6      | Reached skill level 13 in Axes
  5091 | D:6      | Reached skill level 14 in Axes
  5464 | D:6      | Reached XP level 9. HP: 47/70 MP: 8/8
  6468 | D:7      | Noticed Joseph
  6471 | D:7      | Reached skill level 15 in Axes
  7338 | D:7      | Killed Joseph
  7339 | D:7      | Reached skill level 16 in Axes
  7557 | D:7      | Found a burning altar of Makhleb.
  8186 | D:7      | Reached skill level 17 in Axes
  8267 | D:8      | Noticed Amaemon
  8267 | D:8      | Noticed Pikel
  8283 | D:8      | Noticed an orange demon
  8287 | D:8      | Killed Pikel
  8288 | D:8      | Reached XP level 10. HP: 77/77 MP: 9/9
  8296 | D:8      | HP: 4/115 [scorpion[Amaemon] (6)]
  8297 | D:8      | Succumbed to a scorpion's poison

Illustrated notes

Levels and vault maps discovered:
D:1:      dpeg_arrival_circle_labyrinth_c, layout_basic, minmay_tromino_v4_b
D:2:      layout_rooms, serial_shops, nicolae_shop_getting_attention
D:3:      layout_loops_corners, gammafunk_ghost_smash, kennysheep_generic_room_3
D:4:      layout_loops_ring, grunt_nemelex_the_gamble
D:5:      nicolae_cairo_tiling, layout_basic, uniq_crazy_yiuf_cottage
D:6:      layout_gridville, minmay_temple_entry_tees, serial_demonic,
          serial_demonic_e, serial_demonic_f, serial_demonic_f, serial_demonic_g
D:7:      layout_cave_pools, overflow_temple_1_default, serial_bayou,
          serial_bayou_shore_a, serial_bayou_lake_a, serial_bayou_pond_d,
          serial_bayou_pond_e, serial_bayou_pond_d, uniq_joseph
D:8:      layout_basic, lightli_temple_of_fire, kennysheep_generic_room_16,
          uniq_maggie, uniq_amaemon, uniq_pikel

Skill      XL: |  1  2  3  4  5  6  7  8  9 |
---------------+----------------------------+-----
Axes           | 4 5 6 7 8 9 11 14 17 | 17.3
Fighting       | |  3.6
Armour         | |  2.4
Dodging        | |  2.1

Action                     |  1- 3 |  4- 6 |  7- 9 | 10-12 || total
---------------------------+-------+-------+-------+-------++-------
  Melee: Hand axe          |    73 |       |       |       ||    73
         Headbutt          |     9 |     9 |    42 |       ||    60
         War axe           |    20 |    59 |   205 |     6 ||   290
         Punch             |     2 |     1 |     1 |       ||     4
 Invoke: Berserk           |     1 |       |     5 |       ||     6
         Trog's Hand       |       |       |     4 |       ||     4
    Use: Scroll            |     4 |       |     7 |     1 ||    12
         Potion            |     2 |       |     1 |     1 ||     4
 Armour: Animal skin       |     6 |       |       |       ||     6
         Plate armour      |    38 |    35 |   133 |     8 ||   214
         Skin              |       |       |       |     5 ||     5
  Dodge: Dodged            |    21 |    19 |    82 |     8 ||   130
